Map: Terraform LE (Void)

Players

Vizioso

  • Race: Zerg Zerg
  • League: Grandmaster

Javert - Winner!

  • Race: Zerg Zerg
  • League: Grandmaster

VOD

Have the link to the VOD?

Description

Time

  • Played on: Sept. 2, 2015, 9:08 p.m.
  • Length: 11:02
Show
View Real Time Build Order
Export as new Build Order

Vizioso Zerg 

Build Orders: Hatch First 

Get SALT Encoding   

  12  0:01  Drone  
  13  0:08  Drone  
  14  0:17  Overlord  
  14  0:35  Drone x3  
  17  0:47  Drone  
  18  0:56  Hatchery  
  17  0:59  Drone  
  18  1:09  Drone  
  19  1:13  Extractor  
  18  1:19  Spawning Pool  
  18  1:20  Drone  
  18  1:30  Drone  
  19  1:41  Drone  
  20  1:51  Overlord  
  20  2:08  Queen x2  
  24  2:11  Zergling x4  
  24  2:14  Spine Crawler  
  25  2:15  Metabolic Boost  
  25  2:19  Drone x2  
  27  2:32  Drone x2  
  27  2:34  Overlord  
  29  2:41  Drone  
  30  2:51  Baneling Nest  
  29  2:53  Drone  
  29  2:54  Drone  
  31  3:00  Drone  
  32  3:08  Drone  
  32  3:09  Drone  
  34  3:16  Lair, Roach Warren  
  33  3:20  Queen  
  33  3:23  Drone  
  36  3:32  Spine Crawler  
  35  3:35  Zergling x6  
  35  4:16  Drone  
  35  4:17  Drone x2  
  38  4:18  Extractor  
  37  4:32  Overlord x2  
  37  4:33  Roach  
  37  4:34  Roach x2  
  37  4:38  Extractor  
  42  4:42  Evolution Chamber, Glial Reconstitution  
  42  4:43  Evolution Chamber  
  42  4:45  Drone x3  
  43  4:56  Drone  
  43  4:57  Drone x6  
  50  5:04  Overlord  
  48  5:26  Zerg Missile Weapons Level 1  
  48  5:34  Drone x5  
  48  5:35  Drone x2, Extractor  
  54  5:59  Overlord x2  
  54  6:02  Zerg Ground Armor Level 1  
  54  6:19  Hatchery, Roach x4  
  54  6:20  Roach x2  
  54  6:21  Hatchery  
  64  6:27  Overseer  
  64  6:33  Overseer  
  64  6:34  Roach x3  
  64  6:35  Roach x3  
  76  6:46  Ravager x3  
  79  6:49  Overlord x2  
  79  7:02  Overlord x2  
  79  7:23  Roach x2  
  79  7:24  Roach x4  
  91  7:45  Roach  
  91  7:46  Roach x6  
  91  7:47  Overlord  
  105  8:05  Queen  
  80  8:30  Drone  
  80  8:31  Drone x5  
  80  8:38  Ravager  
  80  8:39  Ravager x11  
  92  8:41  Roach  
  92  8:42  Zergling x10  
  92  8:43  Zergling x4  
  66  9:27  Roach  
  66  9:28  Roach x12  
  86  10:00  Zergling x2  
  86  10:01  Zergling x18  
  86  10:03  Overlord  
  96  10:07  Hatchery  
Show
View Real Time Build Order
Export as new Build Order

Javert Zerg - Winner!

Build Orders: Pool First, Lurkers 

Get SALT Encoding   

  12  0:01  Drone  
  13  0:13  Overlord  
  13  0:17  Drone  
  14  0:32  Drone x2  
  16  0:36  Drone  
  17  0:47  Spawning Pool  
  17  0:48  Drone  
  17  0:52  Extractor  
  16  0:57  Drone  
  17  1:18  Hatchery  
  16  1:34  Roach Warren  
  16  1:38  Queen  
  17  1:43  Drone  
  18  1:48  Drone  
  19  1:54  Overlord  
  19  2:16  Roach x3  
  25  2:29  Drone  
  26  2:31  Queen  
  28  2:43  Drone x3  
  31  2:55  Roach x2  
  35  3:06  Drone  
  35  3:07  Overlord  
  36  3:22  Hatchery, Overlord  
  35  3:31  Drone x3  
  38  3:36  Drone x2  
  40  3:44  Drone x3  
  39  4:03  Drone x5  
  40  4:14  Roach x2  
  40  4:15  Roach x2  
  46  4:19  Extractor  
  46  4:20  Extractor  
  44  4:27  Evolution Chamber  
  44  4:28  Roach x3  
  49  4:32  Overlord  
  49  4:38  Lair  
  49  4:41  Drone x2  
  51  4:46  Drone x2  
  51  4:51  Drone x4  
  57  4:58  Zerg Missile Weapons Level 1  
  57  5:11  Drone x3  
  57  5:12  Extractor  
  57  5:27  Evolution Chamber  
  56  5:29  Drone x3  
  56  5:30  Drone x7  
  66  5:39  Glial Reconstitution  
  66  5:43  Overlord x2  
  66  5:51  Overlord x2  
  66  5:54  Spine Crawler, Overseer  
  65  5:57  Zerg Ground Armor Level 1  
  65  6:01  Queen  
  67  6:10  Ravager x3  
  67  6:11  Ravager  
  71  6:13  Drone x2  
  71  6:14  Drone x5  
  71  6:15  Drone  
  79  6:23  Roach x3  
  85  6:33  Roach x2  
  85  6:34  Roach  
  85  6:36  Hydralisk Den  
  85  6:37  Extractor  
  85  6:38  Drone x3  
  85  6:39  Drone x2, Extractor  
  93  6:50  Overlord x2  
  93  6:53  Overseer  
  93  6:54  Overseer  
  93  6:55  Lurker Den  
  93  7:05  Roach x2  
  93  7:07  Overlord  
  93  7:08  Overlord  
  97  7:14  Hatchery  
  96  7:16  Overlord  
  96  7:21  Roach  
  96  7:22  Roach x6  
  110  7:42  Roach  
  110  7:43  Roach x8  
  128  7:51  Drone x2  
  116  8:23  Roach  
  116  8:24  Roach x9  
  134  8:30  Overlord x2  
  132  8:35  Overlord x2  
  132  8:36  Hydralisk x2  
  132  8:37  Hydralisk x2  
  137  8:42  Queen  
  137  8:44  Spine Crawler  
  137  8:45  Spine Crawler, Queen  
  139  8:51  Overlord  
  139  8:54  Overlord  
  111  9:21  Roach x7  
  111  9:22  Roach x7  
  110  9:33  Hydralisk x4  
  104  9:41  Overlord  
  104  9:44  Drone x5  
  107  9:50  Lurker  
  108  9:53  Roach x2  
  108  9:54  Roach x2  
  108  9:58  Drone  
  108  9:59  Drone x2  
  119  10:08  Drone x3  
  119  10:09  Drone x3  
  125  10:21  Hydralisk  
  125  10:22  Hydralisk x4  
  125  10:25  Overlord  
  135  10:31  Spine Crawler  
  134  10:39  Lurker x4  
Tags
 
Add a new tag
Caveats
  • Supply blocks, unpowered buildings, or Contaminate may cause inaccurate times.
  • Supply counts are checked every 10 seconds.